 Dungeon Crawl Stone Soup version 0.27-a0-1217-g8a41f320e8 (webtiles) character file.

Game seed: 11658478789870665509

2281 Froggeryz the Spear-Bearer (level 9, -4/70 HPs)
             Began as a Ghoul Delver on June 6, 2021.
             Was a Believer of Okawaru.
             Slain by a scorpion (9 damage)
             ... on level 7 of the Dungeon.
             The game lasted 00:07:21 (6420 turns).

Froggeryz the Spear-Bearer (Ghoul Delver)           Turns: 6420, Time: 00:07:22

Health: -4/70      AC: -10   Str: 24    XL:     9   Next: 39%
Magic:  8/8        EV: 10    Int:  5    God:    Okawaru [**....]
Gold:   368        SH:  0    Dex: 10    Spells: 8/8 levels left

rFire    . . .     SeeInvis .   g - +3 trident "Jischied" {vorpal, Str+5}
rCold    + . .     Faith    .   (no shield)
rNeg     + + +     Spirit   .   q - +0 scale mail
rPois    ∞         Reflect  .   (no helmet)
rElec    .         Harm     .   (no cloak)
rCorr    .         Rampage  .   (no gloves)
Will     .....                  (no boots)
Stlth    +.........             (no amulet)
HPRegen  0.00/turn              (no ring)
MPRegen  0.11/turn              (no ring)

@: corroded
A: claws 1, cold resistance 1, negative energy resistance 3, inhibited
regeneration, torment resistance 2
a: Renounce Religion, Heroism


You were on level 7 of the Dungeon.
You worshipped Okawaru.
Okawaru was pleased with you.
You visited 2 branches of the dungeon, and saw 8 of its levels.

You collected 368 gold pieces.

Inventory:

Hand Weapons
 g - the +3 trident "Jischied" (weapon) {vorpal, Str+5}
   (You found it on level 5 of the Dungeon)

   It inflicts extra damage upon your enemies.
   It affects your strength (+5).
Missiles
 p - 6 boomerangs (quivered)
Armour
 o - a +1 chain mail of willpower
 q - a +0 scale mail (worn)
Jewellery
 r - a ring of see invisible
 s - a ring of fire
Wands
 f - a wand of digging (3)
Scrolls
 a - a scroll of enchant armour {unknown}
 b - a scroll of fog
 d - a scroll of fear
 e - a scroll of immolation
 i - 6 scrolls of teleportation {unknown}
 j - 6 scrolls of identify {unknown}
 l - 2 scrolls of amnesia {unknown}
 m - 3 scrolls of noise {unknown}
 n - a scroll of enchant weapon {unknown}
 u - a scroll of magic mapping
Potions
 c - 3 potions of curing
 h - a potion of might {unknown}
 k - a potion of brilliance {unknown}
 t - a potion of cancellation {unknown}


   Skills:
 - Level 3.2 Fighting
 * Level 10.4 Polearms
 - Level 3.0 Dodging
 - Level 5.4 Stealth
 - Level 4.2 Unarmed Combat


You had 8 spell levels left.
You didn't know any spells.
Your spell library contained the following spells:

 Spells                   Type           Power      Damage    Failure   Level
 Corona                   Hex            0%         N/A       80%         1
 Ensorcelled Hibernation  Hex/Ice        0%         N/A       91%         2
 Confusing Touch          Hex            0%         N/A       99%         3
 Dazzling Flash           Conj/Hex       0%         N/A       99%         3
 Gell's Gravitas          Tloc           0%         N/A       99%         3
 Tukima's Dance           Hex            0%         N/A       99%         3
 Petrify                  Tmut/Erth      0%         N/A       100%        4
 Metabolic Englaciation   Hex/Ice        0%         N/A       100%        5
 Yara's Violent Unravell  Hex/Tmut       0%         3d3       100%        5


Dungeon Overview and Level Annotations

Branches:
Dungeon (7/15)             Temple (1/1) D:4

Altars:
Dithmenos
Okawaru
Ru
Uskayaw
Wu Jian
Yredelemnul
The Shining One


Innate Abilities, Weirdness & Mutations

You thrive by killing the living.
You are immune to poison.
You have sharp fingernails.
Your flesh is cold resistant. (rC+)
You are immune to negative energy. (rN+++)
You do not regenerate when monsters are visible.
You are immune to unholy pain and torment.


Message History

The jelly is heavily wounded.
The jelly hits you. The acid corrodes you!
You are splashed with acid.
You hit the jelly. The acid corrodes you!
Your claws burn!
The jelly is heavily wounded.
The jelly hits you. The acid corrodes you!
You are splashed with acid!
You are too injured to fight recklessly!
You are too injured to fight recklessly!
You are too injured to fight recklessly!
You puncture the jelly!
You kill the jelly!
Okawaru accepts your kill.
An iguana comes into view.
Reach: g) +3 trident "Jischied" {vorpal, Str+5}
Press: ? - help, Dir - move target, f - iguana
Aim: an iguana (wandering, hasn't noticed you, about 31% to evade the +3 trident "Jischied")
You reach to attack!
The iguana hisses angrily.
You hit the iguana but do no damage.
Reach: g) +3 trident "Jischied" {vorpal, Str+5}
Press: ? - help, Dir - move target, f/p - iguana
Aim: an iguana (about 31% to evade the +3 trident "Jischied")
You closely miss the iguana. The iguana barely misses you.
You hit the iguana but do no damage. You closely miss the iguana.
The iguana completely misses you.
You hit the iguana but do no damage. The iguana barely misses you.
You hit the iguana but do no damage.
The iguana hisses menacingly.
The iguana bites you!
You closely miss the iguana.
A scorpion comes into view.
You hit the iguana but do no damage. The iguana bites you!
* * * LOW HITPOINT WARNING * * *
You hit the iguana but do no damage. The iguana bites you!
* * * LOW HITPOINT WARNING * * *
You feel better. The iguana bites you.
* * * LOW HITPOINT WARNING * * *
The scorpion stings you!
* * * LOW HITPOINT WARNING * * *
The scorpion stings you!
You die...

.......###.###. #.#
#).)......
#.####!.#####.
#####...†..##
#.........##
#.........#####
#............... #####
#.s...........##
#...#####@l.............
#.......>.........###.##
#...#####.........# .#
##.## ####......# # #.#
##.##### #.# #.# #.##
#.# #..# ##.#


You could see a scorpion and an iguana.

Vanquished Creatures
  A hornet (D:5)
  Duvessa (D:4)
  An ogre (D:5)
  A sky beast (D:7)
  2 necrophages (D:4)
  A centaur (D:7)
  2 phantoms
  2 bullfrogs
  2 scorpions
  A wyvern zombie (D:4)
  Dowan (D:4)
  4 killer bees
  3 howler monkeys
  A centaur zombie (D:6)
  2 jellies
  A gnoll shaman (D:4)
  A centaur skeleton (D:6)
  2 hounds (D:6)
  A bullfrog skeleton (D:5)
  3 iguanas
  2 orc wizards (D:4)
  15 gnolls
  12 adders
  An adder skeleton (D:5)
  3 worms
  5 dart slugs
  5 orcs
  3 ball pythons
  9 bats
  7 endoplasms
  4 giant cockroaches
  8 goblins
  7 hobgoblins
  14 jackals
  3 quokkas
  3 frilled lizards
  11 kobolds
  2 quokka zombies (D:3)
  5 rats
152 creatures vanquished.

Notes
Turn   | Place    | Note
-------+----------+-------------------------------------------
     0 | D:5      | Froggeryz the Ghoul Delver began the quest for the Orb.
     0 | D:5      | Reached XP level 1. HP: 19/19 MP: 0/0
     5 | D:5      | Noticed an iguana
     5 | D:5      | Noticed a phantom
    35 | D:5      | Identified the +3 trident "Jischied" {vorpal, Str+5}
    60 | D:4      | Noticed a scorpion
    62 | D:4      | Noticed a necrophage
    94 | D:4      | Killed a necrophage
    95 | D:4      | Reached XP level 2. HP: 9/26 MP: 1/1
    95 | D:4      | Reached XP level 3. HP: 11/31 MP: 2/2
    95 | D:4      | Reached XP level 4. HP: 13/38 MP: 3/3
   382 | D:2      | Reached skill level 1 in Polearms
   409 | D:2      | Reached XP level 5. HP: 45/45 MP: 4/4
   593 | D:1      | Reached skill level 2 in Polearms
  1803 | D:2      | Reached skill level 3 in Polearms
  1808 | D:2      | Reached XP level 6. HP: 51/51 MP: 5/5
  1923 | D:2      | Found a faded altar of an unknown god.
  2263 | D:3      | Found a basalt altar of Yredelemnul.
  2710 | D:4      | Found a staircase to the Ecumenical Temple.
  2728 | Temple   | Entered the Ecumenical Temple
  2733 | Temple   | Became a worshipper of Warmaster Okawaru
  2763 | D:4      | Noticed a necrophage
  2767 | D:4      | Reached skill level 4 in Polearms
  2771 | D:4      | Killed a necrophage
  2788 | D:4      | Noticed Duvessa
  2790 | D:4      | Noticed Dowan
  2845 | D:3      | Reached skill level 5 in Polearms
  2845 | D:3      | Reached XP level 7. HP: 27/57 MP: 6/6
  3018 | D:4      | Killed Duvessa
  3213 | D:4      | Killed Dowan
  3384 | D:4      | Reached * piety under Okawaru
  3385 | D:4      | Reached skill level 6 in Polearms
  3797 | D:4      | Reached XP level 8. HP: 34/63 MP: 7/7
  3964 | D:4      | Reached skill level 7 in Polearms
  4486 | D:5      | Noticed a hornet
  4503 | D:5      | Killed a hornet
  4504 | D:5      | Reached skill level 8 in Polearms
  5051 | D:5      | Found a hide-covered altar of Uskayaw.
  5330 | D:5      | Noticed a two-headed ogre
  5421 | D:4      | Identified the +10 mace "Meugusch" {elec, *Rage rF++ Dex+6}
  5681 | D:6      | Found an ornate altar of the Wu Jian Council.
  5704 | D:6      | Reached skill level 9 in Polearms
  5816 | D:6      | Reached XP level 9. HP: 65/70 MP: 8/8
  6183 | D:6      | Reached ** piety under Okawaru
  6287 | D:6      | Reached skill level 10 in Polearms
  6420 | D:7      | Slain by a scorpion

Illustrated notes

Levels and vault maps discovered:
D:1:      dpeg_arrival_circle_labyrinth_a, layout_loops_corners
D:2:      layout_rooms, hellmonk_ecumenical_altar_blasted, minmay_heptomino_w4
D:3:      layout_rooms, lemuel_zombie_altar_yredelemnul
D:4:      layout_cave_pods, minmay_temple_entry_glass, uniq_duvessa
D:5:      layout_loops_cross, lemuel_crystal_altar
D:6:      layout_rooms, nicolae_wu_jian_immortal_techniques
D:7:      layout_loops_corners, grunt_temple_overflow_order_and_chaos_1,
          kennysheep_mini_moat, minmay_chambers_of_fives
Temple:   zaba_magenta_temple

Skill      XL: |  1  2  3  4  5  6  7  8  9 |
---------------+----------------------------+-----
Dodging        | 2 3 |  3.0
Unarmed Combat | 4 |  4.2
Polearms       | 1 3 5 6 9 10 | 10.4
Fighting       | |  3.2
Stealth        | |  5.4

Action                   |  1- 3 |  4- 6 |  7- 9 || total
-------------------------+-------+-------+-------++-------
Melee: Trident           |     3 |   182 |   261 ||   446
       Punch             |       |     2 |       ||     2
  Use: Scroll            |     2 |       |       ||     2
       Potion            |     1 |       |     5 ||     6
 Stab: Sleeping          |       |    16 |     1 ||    17
Armor: Leather armour    |       |    20 |       ||    20
       Ring mail         |       |    10 |     8 ||    18
       Scale mail        |       |       |    47 ||    47
Dodge: Dodged            |     1 |    90 |    96 ||   187

Table legend: (Time is in decaauts)
 A = Elapsed time spent in this place.
 B = Non-inter-level travel time spent in this place.
 C = Inter-level travel time spent in this place.
 D = Time resting spent in this place.
 E = Time spent auto-exploring this place.
 F = Levels seen in this place.
 G = Mean time per level.
                   A        B        C        D        E       F      G
               +--------+--------+--------+--------+--------+-----+--------+
         Total |   6419 |   6115 |    304 |    903 |   3911 |   8 |  802.4 |
       Dungeon |   6409 |   6108 |    301 |    903 |   3911 |   7 |  915.6 |
        Temple |      9 |      6 |      3 |      0 |      0 |   1 |    9.0 |
               +--------+--------+--------+--------+--------+-----+--------+

Top non-repeatable levels by time:
     D:4: 1676 daAuts
     D:5: 1235 daAuts
     D:1: 1138 daAuts
     D:3: 953 daAuts
     D:2: 647 daAuts
     D:6: 624 daAuts
     D:7: 134 daAuts
  Temple: 9 daAuts
